 Dungeon Crawl Stone Soup version 0.21-a0-404-g291f19a (webtiles) character file.

38 Jorbantar the Charmwright (level 3, -1/29 (30) HPs)
             Began as a Ghoul Skald on Oct 27, 2017.
             Was an Initiate of Kikubaaqudgha.
             Slain by a gnoll
             ... wielding a +0 club of chaos
              (4 damage)
             ... on level 2 of the Dungeon.
             The game lasted 00:02:51 (981 turns).

Jorbantar the Charmwright (Ghoul Skald)              Turns: 981, Time: 00:02:52

HP:   -1/29 (30)    AC:  3    Str: 14    XL:     3   Next: 43%
MP:   0/5           EV: 11    Int:  9    God:    Kikubaaqudgha [......]
Gold: 39            SH:  0    Dex:  8    Spells: 5/6 levels left

rFire    . . .     SeeInvis .     - Unarmed
rCold    + . .     Gourm    .   (no shield)
rNeg     + + +     Faith    .   a - +0 leather armour
rPois    ∞         Spirit   .   (no helmet)
rElec    .         Reflect  .   (no cloak)
rCorr    .         Harm     .   (no gloves)
MR       .....                  (no boots)
Stlth    +.........             (no amulet)
HPRegen  0.00/turn              (no ring)
MPRegen  0.09/turn              (no ring)

@: infused (expiring), rotting
A: rotting body, claws 1, carnivore 3, cold resistance 1, negative energy
resistance 3, inhibited regeneration, torment resistance, unbreathing
a: Renounce Religion


You were on level 2 of the Dungeon.
You worshipped Kikubaaqudgha.
Kikubaaqudgha was noncommittal.
You were not hungry.

You visited 1 branch of the dungeon, and saw 2 of its levels.

You collected 39 gold pieces.

Inventory:

Armour
 a - a +0 leather armour (worn)
Jewellery
 g - an uncursed ring of stealth {unknown}
 i - an uncursed ring of ice {unknown}
 j - an uncursed ring of ice {unknown}
Scrolls
 d - a scroll of teleportation {unknown}
 e - a scroll of fear {unknown}
 h - a scroll of enchant weapon {unknown}
Potions
 f - a potion of curing {unknown}
Books
 b - a book of Battle

   Spells                             Type                      Level
   a - Infusion                       Charms                       1
   b - Shroud of Golubria             Charms/Translocation         2
   c - Song of Slaying                Charms                       2
   d - Spectral Weapon                Hexes/Charms                 3
   e - Regeneration                   Charms/Necromancy            3
Comestibles
 c - 2 meat rations


   Skills:
 * Level 2.6 Fighting
 - Level 0.9 Armour
 - Level 1.8 Dodging
 * Level 2.7 Unarmed Combat
 * Level 2.2 Spellcasting
 + Level 3.0 Charms


You had 5 spell levels left.
You knew the following spells:

 Your Spells              Type           Power        Failure   Level  Hunger
a - Infusion              Chrm           #...         12%         1    ##.....


Dungeon Overview and Level Annotations

Branches:
Dungeon (2/15)

Altars:
Ashenzari
Gozag
Kikubaaqudgha
Ru
Vehumet


Innate Abilities, Weirdness & Mutations

Your body is rotting away.
You thrive on raw meat.
You are immune to poison.
You have sharp fingernails.
You are carnivorous and can eat meat at any time.
Your flesh is cold resistant. (rC+)
You are immune to negative energy. (rN+++)
You do not regenerate when monsters are visible.
You are immune to unholy pain and torment.
You can survive without breathing.


Message History

You claw the gnoll!
You kill the gnoll!
Kikubaaqudgha accepts your kill. The orc hits you with a club of chaos.
* * * LOW HITPOINT WARNING * * *
The orc freezes you.
* * * LOW HITPOINT WARNING * * *
You barely miss the orc.
Your magical infusion is running out.
The gnoll hits you with a club of chaos.
* * * LOW HITPOINT WARNING * * *
The orc splashes around in the water.
You scratch the orc.
The orc is heavily wounded.
The gnoll closely misses you.
The orc splashes around in the water.
You barely miss the orc.
The orc is heavily wounded.
The gnoll hits you with a club of chaos.
You die...
Kikubaaqudgha rasps: "You have failed me!
Welcome... oblivion!"

#....#......... #.≈##.
####........... ..≈.#.
#####.##..##.#.. ##§..
≈#........##.#..
≈#.≈#≈##≈####.##.....###
.≈.#.≈≈.##..#.#####..#
#≈...###⌠##.#.# #..##
⌠#≈..g#####.#.# ##..##
...#.og@#.....## #....
≈#≈..≈o#.#.....# ##.#.
###.#..≈≈##....# #...
.....≈..≈##....# ###.
#⌠≈.≈#.#≈####### ##
≈≈#..⌠.#.# # ##....####
##.≈.? # #.≈.≈


You could see a gnoll, 2 orcs and a hobgoblin.

Vanquished Creatures
  A gnoll (D:2)
  An ooze (D:2)
  A dart slug (D:2)
  2 giant cockroaches (D:1)
  3 goblins (D:1)
  A hobgoblin (D:1)
  4 kobolds
  A quokka (D:2)
  4 bats (D:1)
  2 frilled lizards (D:1)
  3 rats
23 creatures vanquished.

Notes
Turn   | Place    | Note
-------+----------+-------------------------------------------
     0 | D:1      | Jorbantar the Ghoul Skald began the quest for the Orb.
     0 | D:1      | Reached XP level 1. HP: 17/17 MP: 2/2
   126 | D:1      | Reached XP level 2. HP: 12/24 MP: 0/4
   518 | D:1      | Reached skill level 3 in Charms
   703 | D:2      | Found a sacrificial altar of Ru.
   835 | D:2      | Reached XP level 3. HP: 24/30 MP: 5/5
   885 | D:2      | Found a shattered altar of Ashenzari.
   885 | D:2      | Found a radiant altar of Vehumet.
   891 | D:2      | Found a faded altar of an unknown god.
   893 | D:2      | Found an opulent altar of Gozag.
   894 | D:2      | Found an ancient bone altar of Kikubaaqudgha.
   897 | D:2      | Became a worshipper of Kikubaaqudgha
   981 | D:2      | Slain by a gnoll

Vault maps used:
D:1:      giann_forest_graveyard
D:2:      lemuel_round_altar, chequers_temple_overflow_statue_of_worship,
          chequers_temple_overflow_minitemple, tgw_xom

Skill      XL: |  1  2 |
---------------+-------+-----
Spellcasting   | 2 |  2.2
Charms         | 3 |  3.0
Fighting       | |  2.6
Armour         | |  0.9
Dodging        | |  1.8
Unarmed Combat | |  2.7

Action                   || total
-------------------------++-------
Melee: Unarmed           ||    69
       Punch             ||     1
 Cast: Infusion          ||     4
  Eat: Chunk             ||     3
Armor: Leather armour    ||    20
Dodge: Dodged            ||    46

Table legend:
 A = Spawn XP
 B = Non-spawn XP
 C = Spawn XP percentage of total XP
 D = Spawn monster count
 E = Non-spawn monster count
 F = Spawn count percentage of total count
 G = Total turns spent on level
                    A         B        C        D         E        F      G
               +---------+---------+-------+---------+---------+-------+---------
         Total |       0 |      55 |   0.0 |       0 |      23 |   0.0 |   981
               +---------+---------+-------+---------+---------+-------+---------
           D:1 |       0 |      25 |   0.0 |       0 |      17 |   0.0 |   679
           D:2 |       0 |      30 |   0.0 |       0 |       6 |   0.0 |   302
               +---------+---------+-------+---------+---------+-------+---------
